 Dungeon Crawl Stone Soup version 0.26-a0-58-g79b31b8662 (webtiles) character file.

Game seed: 8046247004589323982

33 BritishOli the Skirmisher (level 3, -1/29 HPs)
             Began as a Demonspawn Monk on June 8, 2020.
             Slain by Sigmund
             ... wielding a +0 scythe
              (5 damage)
             ... on level 2 of the Dungeon.
             The game lasted 00:01:15 (1875 turns).

BritishOli the Skirmisher (Demonspawn Monk)         Turns: 1875, Time: 00:01:15

Health: -1/29      AC:  3    Str: 12    XL:     3   Next: 12%
Magic:  3/3        EV: 13    Int: 11    God:
Gold:   61         SH:  0    Dex: 15    Spells: 2/2 levels left

rFire    . . .     SeeInvis .   j - +0 short sword (venom)
rCold    . . .     Gourm    .   (no shield)
rNeg     . . .     Faith    .   b - +0 robe
rPois    .         Spirit   .   (helmet restricted)
rElec    .         Reflect  .   (no cloak)
rCorr    .         Harm     .   h - +0 pair of gloves (curse)
MR       .....                  (no boots)
Stlth    ++........             (no amulet)
HPRegen  0.09/turn              (no ring)
MPRegen  0.08/turn              (no ring)

@: no status effects
A: horns 1, powered by pain 1
a: no special abilities


You were on level 2 of the Dungeon.
You were not hungry.

You visited 1 branch of the dungeon, and saw 2 of its levels.

You collected 61 gold pieces.

Inventory:

Hand Weapons
 a - a +0 falchion
 j - a +0 short sword of venom (weapon)
Armour
 b - a +0 robe (worn)
 h - a cursed +0 pair of gloves (worn)
Scrolls
 d - a scroll of amnesia {unknown}
 f - a scroll of remove curse {unknown}
 g - a scroll of fog {unknown}
 i - a scroll of fear {unknown}
Potions
 e - a potion of berserk rage {unknown}
Comestibles
 c - 5 rations


   Skills:
 + Level 3.2 Fighting
 * Level 3.2 Long Blades
 + Level 0.9 Armour
 + Level 3.0 Dodging
 - Level 1.7 Stealth


You had 2 spell levels left.
You didn't know any spells.
Your spell library was empty.

Dungeon Overview and Level Annotations

Branches:
Dungeon (2/15)

Altars:

Annotations:
D:2 Sigmund


Innate Abilities, Weirdness & Mutations

You have a pair of small horns on your head.
You sometimes gain a little power by taking damage.


Message History

Sigmund flickers, as though insubstantial.
You see here 3 stones.
Sigmund hits you with a +0 scythe!
You closely miss Sigmund. Your headbutt misses Sigmund.
You barely miss Sigmund. You headbutt Sigmund!
Sigmund is moderately wounded.
Sigmund hits you with a +0 scythe.
You closely miss Sigmund.
Sigmund is moderately wounded.
Sigmund hits you with a +0 scythe!
* * * LOW HITPOINT WARNING * * *
You hit Sigmund but do no damage.
Sigmund is poisoned.
Sigmund is moderately wounded.
You hit Sigmund.
Sigmund looks as sick as possible!
Sigmund is heavily wounded.
Sigmund hits you but does no damage.
You closely miss Sigmund. Your headbutt misses Sigmund.
Sigmund is heavily wounded.
Sigmund hits you with a +0 scythe.
You die...

.# ##.### .....#
#.##.# #.##.# #.##.#
#.##.# #...@##
########...@.########
............(........
######.#..(..<######
#.#....#.##
#.#.##....######
#.#..............
#.####....####... #.
#.#.## #. #.#.#


You could see Sigmund (extremely poisoned).

Vanquished Creatures
  2 oozes (D:1)
  2 dart slugs (D:1)
  A leopard gecko (D:2)
  3 bats (D:1)
  3 goblins (D:1)
  2 hobgoblins (D:1)
  2 frilled lizards (D:1)
  3 kobolds
  4 rats (D:1)
22 creatures vanquished.

Notes
Turn   | Place    | Note
-------+----------+-------------------------------------------
     0 | D:1      | BritishOli the Demonspawn Monk began the quest for the Orb.
     0 | D:1      | Reached XP level 1. HP: 18/18 MP: 1/1
   174 | D:1      | Gained mutation: You sometimes gain a little power by
                  | taking damage. [demonic ancestry]
   174 | D:1      | Reached XP level 2. HP: 16/24 MP: 2/2
   974 | D:1      | Gained mutation: You have a pair of small horns on your
                  | head. [demonic ancestry]
   974 | D:1      | Reached XP level 3. HP: 24/29 MP: 3/3
  1715 | D:2      | Noticed Sigmund
  1875 | D:2      | Slain by Sigmund

Illustrated notes

Levels and vault maps discovered:
D:1:      dpeg_arrival_boxorama, layout_basic
D:2:      layout_loops_ring, eat_drink_and_be_merry_uskayaw, first_ration,
          minmay_joined_circles, uniq_sigmund

Skill      XL: |  1  2  3 |
---------------+----------+-----
Long Blades    | 3 |  3.2
Dodging        | 3 |  3.0
Fighting       | |  3.2
Armour         | |  0.9
Stealth        | |  1.7

Action                   || total
-------------------------++-------
Melee: Falchion          ||    67
       Short sword       ||     6
       Headbutt          ||     2
 Stab: Sleeping          ||     6
  Eat: Ration            ||     1
       Chunk             ||     1
Armor: Robe              ||     9
Dodge: Dodged            ||    33
       Rpst.: Falchion   ||     8

Table legend:
 A = Non-vault XP
 B = Vault XP
 C = Vault XP percentage of total XP
 D = Non-vault monster count
 E = Vault monster count
 F = Vault count percentage of total count
                 A         B        C        D         E       F
            +---------+---------+-------+---------+---------+-------
      Total |      48 |       0 |   0.0 |      22 |       0 |   0.0
            +---------+---------+-------+---------+---------+-------
        D:1 |      44 |       0 |   0.0 |      20 |       0 |   0.0
        D:2 |       4 |       0 |   0.0 |       2 |       0 |   0.0
            +---------+---------+-------+---------+---------+-------
